AAA
RICHMOND RAMS @ DES PLAINES GOLDEN HEROES
09/12/2059
 
TOP OF THE 1ST
Richmond Rams batting - Pitching for Des Plaines Golden Heroes : LHP Dylon Carreon
Pitching: LHP Dylon Carreon
Batting: RHB Joey Shelton 0-0: Foul Ball, location: 2F
0-1: Ball
1-1: DOUBLE (Line Drive, 5D, EV 101.2 MPH)
Batting: RHB Armand Vanek 0-0: Called Strike
0-1: Ball
1-1: Ball
2-1: Foul Ball, location: 2F
2-2: Foul Ball, location: 2F
2-2: SINGLE (Flyball, 56D, EV 98.8 MPH)
Joey Shelton to third
Batting: LHB Nate Rowell 0-0: Called Strike
0-1: Swinging Strike
0-2: Foul Ball, location: 2F
0-2: Ball
1-2: Ball
2-2: SINGLE (Groundball, 4MS, EV 61.9 MPH) (infield hit)
Joey Shelton scores
Armand Vanek to second
Batting: RHB Joseph Gazdaru 0-0: Swinging Strike
0-1: Grounds into double play, 6-4-3 (Groundball, 56D, EV 101.2 MPH)
Armand Vanek to third
Batting: LHB Logan Sparks 0-0: Ball
1-0: Ground out 6-3 (Groundball, 56, EV 103.8 MPH)
Top of the 1st over - 1 run, 3 hits, 0 errors, 1 left on base; Richmond 1 - Des Plaines 0
BOTTOM OF THE 1ST
Des Plaines Golden Heroes batting - Pitching for Richmond Rams : RHP Eddie Forsythe
Pitching: RHP Eddie Forsythe
Batting: RHB Donovan Butler 0-0: DOUBLE (Groundball, 5L, EV 98.1 MPH)
Batting: RHB Jarryd Giles 0-0: Foul Ball, location: 2F
0-1: Ball
1-1: Called Strike
1-2: Ball
2-2: Foul Ball, location: 2F
2-2: Ball
3-2: Fly out, F8 (Flyball, 8RM, EV 88.8 MPH)
Batting: RHB Nathan Baldwin 0-0: Called Strike
0-1: Foul Ball, location: 2F
0-2: Foul Ball, location: 2F
0-2: Ball
1-2: Foul Ball, location: 2F
1-2: Fly out, F8 (Line Drive, 89M, EV 102.5 MPH)
Batting: LHB Preston Haertel 0-0: Ball
1-0: SINGLE (Line Drive, 34D, EV 98.1 MPH)
Donovan Butler to third
Runner from 3rd tries for Home, SAFE, throw by RF to home
Batting: LHB Jedediah Hernandez 0-0: DOUBLE (Line Drive, 78XD, EV 103.1 MPH)
Preston Haertel to third
Runner from 3rd tries for Home, throw by LF and OUT! 7-6-2
Bottom of the 1st over - 1 run, 3 hits, 0 errors, 1 left on base; Richmond 1 - Des Plaines 1
TOP OF THE 2ND
Richmond Rams batting - Pitching for Des Plaines Golden Heroes : LHP Dylon Carreon
Batting: RHB Tommy Dupree 0-0: Ball
1-0: Ball
2-0: Called Strike
2-1: Ball
3-1: Base on Balls
Batting: LHB Ollie Snelgrove 0-0: Ball
1-0: Ball
2-0: Called Strike
2-1: SINGLE (Groundball, 34D, EV 96.2 MPH)
Tommy Dupree to second
Runner from 2nd tries for 3rd, SAFE, throw by RF made to third
Batting: LHB Kenny Hillestad 0-0: Called Strike
0-1: Ball
1-1: Ball
2-1: Ball
3-1: Swinging Strike
3-2: Fly out, F9 (Flyball, 9, EV 87.5 MPH)
Runner from 3rd tags up, SCORES, throw by RF
Batting: LHB Jess Hajiev 0-0: Foul Ball, location: 2F
0-1: Ball
1-1: Ball
2-1: Foul Ball, location: 2F
2-2: Ball
3-2: Foul Ball, location: 2F
3-2: Foul Ball, location: 2F
3-2: Fly out, F8 (Flyball, 89D, EV 88.1 MPH)
Batting: RHB Joey Shelton 0-0: Ball
1-0: Ball
2-0: Foul Ball, location: 2F
2-1: Ball
3-1: Fielders Choice at 2nd, 6-4 (Groundball, 6, EV 91.2 MPH)
Top of the 2nd over - 1 run, 1 hit, 0 errors, 1 left on base; Richmond 2 - Des Plaines 1
BOTTOM OF THE 2ND
Des Plaines Golden Heroes batting - Pitching for Richmond Rams : RHP Eddie Forsythe
Batting: RHB Jamie Kear 0-0: Ball
1-0: Called Strike
1-1: Called Strike
1-2: Ball
2-2: Strikes out swinging
Batting: LHB Harold Romeo 0-0: Ball
1-0: Swinging Strike
1-1: Swinging Strike
1-2: Ball
2-2: Foul Ball, location: 2F
2-2: Ground out 4-3 (Groundball, 34D, EV 108.8 MPH)
Batting: RHB Tristin Curtis 0-0: Ball
1-0: Ball
2-0: Ball
3-0: Base on Balls
Batting: RHB Jesse Dissen 0-0: Ball
Tristin Curtis is caught stealing 2nd base 2-4
Bottom of the 2nd over - 0 runs, 0 hits, 0 errors, 0 left on base; Richmond 2 - Des Plaines 1
TOP OF THE 3RD
Richmond Rams batting - Pitching for Des Plaines Golden Heroes : LHP Dylon Carreon
Batting: RHB Armand Vanek 0-0: Ball
1-0: Ball
2-0: Called Strike
2-1: Foul Ball, location: 2F
2-2: SINGLE (Groundball, 6MD, EV 103.1 MPH)
Batting: LHB Nate Rowell 0-0: Called Strike
0-1: Ball
1-1: Ball
2-1: Ball
3-1: Foul Ball, location: 2F
3-2: Foul Ball, location: 2F
3-2: Strikes out swinging
Armand Vanek is caught stealing 2nd base 2-6
Batter strikes out.
Batting: RHB Joseph Gazdaru 0-0: Foul Ball, location: 2F
0-1: Fly out, F8 (Line Drive, 8RD, EV 85.6 MPH)
Top of the 3rd over - 0 runs, 1 hit, 0 errors, 0 left on base; Richmond 2 - Des Plaines 1
BOTTOM OF THE 3RD
Des Plaines Golden Heroes batting - Pitching for Richmond Rams : RHP Eddie Forsythe
Batting: RHB Jesse Dissen 0-0: Called Strike
0-1: Foul Ball, location: 2F
0-2: Ball
1-2: Ground out 6-3 (Groundball, 6, EV 90.6 MPH)
Batting: RHB Donovan Butler 0-0: Ball
1-0: TRIPLE (Line Drive, 78XD, EV 105.6 MPH)
Batting: RHB Jarryd Giles 0-0: Ball
1-0: Foul Ball, location: 2F
1-1: SINGLE (Flyball, 4MD, EV 93.8 MPH)
Donovan Butler scores
Batting: RHB Nathan Baldwin 0-0: Ball
1-0: Swinging Strike
1-1: Ball
2-1: Fly out, F4 (Popup, 4, EV 62.5 MPH)
Batting: LHB Preston Haertel 0-0: Ball
1-0: Called Strike
1-1: Ball
2-1: Ground out 4-3 (Groundball, 4, EV 99.4 MPH)
Bottom of the 3rd over - 1 run, 2 hits, 0 errors, 1 left on base; Richmond 2 - Des Plaines 2
TOP OF THE 4TH
Richmond Rams batting - Pitching for Des Plaines Golden Heroes : LHP Dylon Carreon
Batting: LHB Logan Sparks 0-0: Ball
1-0: Ball
2-0: Called Strike
2-1: Swinging Strike
2-2: Ground out 1-3 (Groundball, 34S, EV 72.5 MPH)
Batting: RHB Tommy Dupree 0-0: Foul Ball, location: 2F
0-1: Foul Ball, location: 2F
0-2: SINGLE (Line Drive, 6MD, EV 96.2 MPH)
Batting: LHB Ollie Snelgrove 0-0: Swinging Strike
0-1: Ball
1-1: Swinging Strike
1-2: Ball
2-2: SINGLE (Line Drive, 7LS, EV 106.9 MPH)
Tommy Dupree to second
Batting: LHB Kenny Hillestad 0-0: Ball
1-0: Foul Ball, location: 2F
1-1: Foul Ball, location: 2F
1-2: Foul Ball, location: 2F
1-2: Fly out, F6 (Line Drive, 6, EV 63.1 MPH)
Pinch Hitting: RHB Jahidi Mkheidze 0-0: Ball
1-0: Called Strike
1-1: Fly out, F8 (Flyball, 8LD, EV 101.9 MPH)
Top of the 4th over - 0 runs, 2 hits, 0 errors, 2 left on base; Richmond 2 - Des Plaines 2
BOTTOM OF THE 4TH
Des Plaines Golden Heroes batting - Pitching for Richmond Rams : RHP Eddie Forsythe
Now in CF: Payton Howard
Batting: LHB Jedediah Hernandez 0-0: Called Strike
0-1: Foul Ball, location: 2F
0-2: Fly out, F7 (Flyball, 78S, EV 87.5 MPH)
Batting: RHB Jamie Kear 0-0: Ball
1-0: Called Strike
1-1: Foul Ball, location: 2F
1-2: DOUBLE (Flyball, 89XD, EV 96.9 MPH)
Batting: LHB Harold Romeo 0-0: Ball
1-0: Ball
2-0: Called Strike
2-1: Swinging Strike
2-2: Strikes out swinging
Batting: RHB Tristin Curtis 0-0: Swinging Strike
0-1: Ball
1-1: Fly out, F7 (Flyball, 78S, EV 81.9 MPH)
Bottom of the 4th over - 0 runs, 1 hit, 0 errors, 1 left on base; Richmond 2 - Des Plaines 2
TOP OF THE 5TH
Richmond Rams batting - Pitching for Des Plaines Golden Heroes : LHP Dylon Carreon
Batting: RHB Joey Shelton 0-0: Ground out 6-3 (Groundball, 6, EV 79.4 MPH)
Batting: RHB Armand Vanek 0-0: Ball
1-0: Ball
2-0: Foul Ball, location: 2F
2-1: Called Strike
2-2: Ground out 5-3 (Groundball, 56S, EV 81.2 MPH)
Batting: LHB Nate Rowell 0-0: Ball
1-0: Ball
2-0: Ball
3-0: Called Strike
3-1: Swinging Strike
3-2: Strikes out looking
Top of the 5th over - 0 runs, 0 hits, 0 errors, 0 left on base; Richmond 2 - Des Plaines 2
BOTTOM OF THE 5TH
Des Plaines Golden Heroes batting - Pitching for Richmond Rams : RHP Eddie Forsythe
Batting: RHB Jesse Dissen 0-0: Called Strike
0-1: Foul Ball, location: 2F
0-2: Strikes out looking
Batting: RHB Donovan Butler 0-0: Foul Ball, location: 2F
0-1: Ground out 4-3 (Groundball, 4S, EV 89.4 MPH)
Batting: RHB Jarryd Giles 0-0: Foul Ball, location: 2F
0-1: Foul Ball, location: 2F
0-2: Ball
1-2: SINGLE (Groundball, 6MD, EV 98.1 MPH)
Batting: RHB Nathan Baldwin 0-0: Foul Ball, location: 2F
0-1: Ball
1-1: Foul Ball, location: 2F
1-2: Foul Ball, location: 2F
1-2: Ball
2-2: Foul Ball, location: 2F
2-2: Foul Ball, location: 2F
2-2: Fly out, F8 (Flyball, 89M, EV 98.1 MPH)
Bottom of the 5th over - 0 runs, 1 hit, 0 errors, 1 left on base; Richmond 2 - Des Plaines 2
TOP OF THE 6TH
Richmond Rams batting - Pitching for Des Plaines Golden Heroes : LHP Dylon Carreon
Batting: RHB Joseph Gazdaru 0-0: Foul Ball, location: 2F
0-1: Foul Ball, location: 2F
0-2: Ball
1-2: Ball
2-2: Foul Ball, location: 2F
2-2: Ball
3-2: Fly out, F9 (Flyball, 9D, EV 102.5 MPH)
Batting: LHB Logan Sparks 0-0: Swinging Strike
0-1: Ball
1-1: SINGLE (Line Drive, 9LS, EV 91.9 MPH)
Batting: RHB Tommy Dupree 0-0: Called Strike
0-1: Ball
1-1: Called Strike
1-2: Ball
2-2: Fielders Choice at 2nd, 5-4 (Groundball, 56, EV 76.9 MPH)
Pitching: LHP Jordan Allen
Batting: LHB Ollie Snelgrove 0-0: Ball
1-0: Called Strike
1-1: Swinging Strike
1-2: Strikes out swinging
Top of the 6th over - 0 runs, 1 hit, 0 errors, 1 left on base; Richmond 2 - Des Plaines 2
BOTTOM OF THE 6TH
Des Plaines Golden Heroes batting - Pitching for Richmond Rams : RHP Eddie Forsythe
Pitching: RHP Casey Luder
Batting: LHB Preston Haertel 0-0: Called Strike
0-1: Ball
1-1: Ball
2-1: Swinging Strike
2-2: Foul Ball, location: 2F
2-2: Foul Ball, location: 2F
2-2: Strikes out swinging
Batting: LHB Jedediah Hernandez 0-0: Ball
1-0: Called Strike
1-1: Swinging Strike
1-2: Foul Ball, location: 2F
1-2: Strikes out looking
Batting: RHB Jamie Kear 0-0: Ball
1-0: Called Strike
1-1: Ball
2-1: Ball
3-1: Ground out 5-3 (Groundball, 5, EV 90.6 MPH)
Bottom of the 6th over - 0 runs, 0 hits, 0 errors, 0 left on base; Richmond 2 - Des Plaines 2
TOP OF THE 7TH
Richmond Rams batting - Pitching for Des Plaines Golden Heroes : LHP Jordan Allen
Pitching: RHP Shannon Hutchinson
Batting: LHB Kenny Hillestad 0-0: Ball
1-0: Ball
2-0: Ball
3-0: Called Strike
3-1: Base on Balls
Batting: RHB Payton Howard 0-0: Sac Bunt to 13 - play at first, batter OUT! 1-3
Kenny Hillestad to second
Batting: RHB Joey Shelton 0-0: Foul Ball, location: 2F
0-1: Ball
1-1: Ball
2-1: Ball
3-1: Foul Ball, location: 2F
3-2: Base on Balls
Batting: RHB Armand Vanek 0-0: Ball
1-0: Ball
2-0: Called Strike
2-1: Called Strike
2-2: Foul Ball, location: 2F
2-2: Strikes out swinging
Batting: LHB Nate Rowell 0-0: Ball
1-0: Foul Ball, location: 2F
1-1: Ball
2-1: Ball
3-1: Called Strike
3-2: Base on Balls
Kenny Hillestad to third
Joey Shelton to second
Batting: RHB Joseph Gazdaru 0-0: Foul Ball, location: 2F
0-1: Fly out, F7 (Flyball, 78S, EV 80.6 MPH)
Top of the 7th over - 0 runs, 0 hits, 0 errors, 3 left on base; Richmond 2 - Des Plaines 2
BOTTOM OF THE 7TH
Des Plaines Golden Heroes batting - Pitching for Richmond Rams : RHP Casey Luder
Batting: LHB Harold Romeo 0-0: Ball
1-0: Foul Ball, location: 2F
1-1: Ball
2-1: SINGLE (Line Drive, 78S, EV 106.2 MPH)
Batting: RHB Tristin Curtis 0-0: Swinging Strike
0-1: Called Strike
0-2: Ball
Wild Pitch!
Harold Romeo to second
1-2: Strikes out swinging
Batting: RHB Jesse Dissen 0-0: Called Strike
0-1: Ball
1-1: Ball
2-1: Ball
Wild Pitch!
Harold Romeo to third
3-1: Foul Ball, location: 2F
3-2: Fly out, F9 (Flyball, 9, EV 94.4 MPH)
Runner from 3rd tags up, OUT at HOME! 9-2
Bottom of the 7th over - 0 runs, 1 hit, 0 errors, 0 left on base; Richmond 2 - Des Plaines 2
TOP OF THE 8TH
Richmond Rams batting - Pitching for Des Plaines Golden Heroes : RHP Shannon Hutchinson
Batting: LHB Logan Sparks 0-0: Ball
1-0: Ball
2-0: Ball
3-0: Called Strike
3-1: DOUBLE (Line Drive, 89M, EV 92.5 MPH)
Batting: RHB Tommy Dupree 0-0: Ball
1-0: Foul Ball, location: 2F
1-1: Ball
2-1: Foul Ball, location: 2F
2-2: Foul Ball, location: 2F
2-2: Ball
3-2: Fly out, F8 (Line Drive, 78M, EV 99.4 MPH)
Batting: LHB Ollie Snelgrove 0-0: Ball
1-0: Ball
2-0: Swinging Strike
2-1: Ball
3-1: Called Strike
3-2: Strikes out swinging
Batting: LHB Kenny Hillestad 0-0: Foul Ball, location: 2F
0-1: Swinging Strike
0-2: Ball
1-2: Ground out 6-3 (Groundball, 6, EV 88.8 MPH)
Top of the 8th over - 0 runs, 1 hit, 0 errors, 1 left on base; Richmond 2 - Des Plaines 2
BOTTOM OF THE 8TH
Des Plaines Golden Heroes batting - Pitching for Richmond Rams : RHP Casey Luder
Pitching: RHP Maverick Rioux
Batting: RHB Donovan Butler 0-0: Called Strike
0-1: Foul Ball, location: 2F
0-2: Ball
1-2: Strikes out swinging
Batting: RHB Jarryd Giles 0-0: Fly out, F9 (Line Drive, 9, EV 102.5 MPH)
Batting: RHB Nathan Baldwin 0-0: Called Strike
0-1: Fly out, F9 (Flyball, 9LM, EV 86.9 MPH)
Bottom of the 8th over - 0 runs, 0 hits, 0 errors, 0 left on base; Richmond 2 - Des Plaines 2
TOP OF THE 9TH
Richmond Rams batting - Pitching for Des Plaines Golden Heroes : RHP Shannon Hutchinson
Pitching: RHP Maddox Eddington
Batting: RHB Payton Howard 0-0: SINGLE (Line Drive, 8LS, EV 85.0 MPH)
Batting: RHB Joey Shelton 0-0: Ball
1-0: Called Strike
1-1: Ball
2-1: Bunted foul
2-2: Ball
3-2: Foul Ball, location: 2F
3-2: DOUBLE (Line Drive, 5D, EV 105.0 MPH)
Payton Howard to third
Runner from 3rd tries for Home, throw by LF and OUT! 7-6-2
Joey Shelton to third
Batting: RHB Armand Vanek 0-0: Ball
1-0: Called Strike
1-1: Swinging Strike
1-2: Strikes out swinging
Batting: LHB Nate Rowell 0-0: Intentional Walk
Batting: RHB Joseph Gazdaru 0-0: Called Strike
0-1: Ball
1-1: Called Strike
1-2: Foul Ball, location: 2F
1-2: Ball
2-2: Fielders Choice at 2nd, 6-4 (Groundball, 6, EV 83.8 MPH)
Top of the 9th over - 0 runs, 2 hits, 0 errors, 2 left on base; Richmond 2 - Des Plaines 2
BOTTOM OF THE 9TH
Des Plaines Golden Heroes batting - Pitching for Richmond Rams : RHP Maverick Rioux
Batting: LHB Preston Haertel 0-0: Fly out, F6 (Popup, 6S, EV 64.4 MPH)
Batting: LHB Jedediah Hernandez 0-0: Fly out, F9 (Flyball, 9D, EV 91.2 MPH)
Pinch Hitting: SHB Lucas Dobbs 0-0: Ball
1-0: Called Strike
1-1: SINGLE (Line Drive, 6MD, EV 102.5 MPH)
Batting: LHB Harold Romeo 0-0: Swinging Strike
0-1: Ball
1-1: Foul Ball, location: 2F
1-2: SINGLE (Groundball, 25, EV 68.8 MPH) (infield hit)
Lucas Dobbs to second
Batting: RHB Tristin Curtis 0-0: Called Strike
0-1: Ball
1-1: Ball
2-1: Foul Ball, location: 2F
2-2: Strikes out looking
Bottom of the 9th over - 0 runs, 2 hits, 0 errors, 2 left on base; Richmond 2 - Des Plaines 2
TOP OF THE 10TH
Richmond Rams batting - Pitching for Des Plaines Golden Heroes : RHP Maddox Eddington
Now at C: Seth Chelberg
Batting: LHB Logan Sparks 0-0: Called Strike
0-1: Fly out, F9 (Line Drive, 9S, EV 86.2 MPH)
Batting: RHB Tommy Dupree 0-0: Swinging Strike
0-1: Ball
1-1: Ball
2-1: Foul Ball, location: 2F
2-2: Strikes out swinging
Batting: LHB Ollie Snelgrove 0-0: Swinging Strike
0-1: DOUBLE (Line Drive, 89D, EV 103.8 MPH)
Batting: LHB Kenny Hillestad 0-0: Intentional Walk
Batting: RHB Payton Howard 0-0: Swinging Strike
0-1: Ground out 4-3 (Groundball, 4, EV 88.8 MPH)
Top of the 10th over - 0 runs, 1 hit, 0 errors, 2 left on base; Richmond 2 - Des Plaines 2
BOTTOM OF THE 10TH
Des Plaines Golden Heroes batting - Pitching for Richmond Rams : RHP Maverick Rioux
Batting: RHB Jesse Dissen 0-0: Swinging Strike
0-1: Swinging Strike
0-2: Ball
1-2: Ball
2-2: Ball
3-2: Base on Balls
Batting: RHB Donovan Butler 0-0: Called Strike
Jesse Dissen is caught stealing 2nd base 2-4
0-1: Ground out U3 (Groundball, 3, EV 83.8 MPH)
Batting: RHB Jarryd Giles 0-0: Foul Ball, location: 2F
0-1: Ball
1-1: Ball
2-1: Ball
3-1: Base on Balls
Batting: RHB Nathan Baldwin 0-0: Hit by Pitch
Jarryd Giles to second
Batting: LHB Preston Haertel 0-0: Called Strike
0-1: Swinging Strike
0-2: Ball
1-2: Ground out 1-3 (Groundball, 34S, EV 72.5 MPH)
Bottom of the 10th over - 0 runs, 0 hits, 0 errors, 2 left on base; Richmond 2 - Des Plaines 2
TOP OF THE 11TH
Richmond Rams batting - Pitching for Des Plaines Golden Heroes : RHP Maddox Eddington
Batting: RHB Joey Shelton 0-0: Ball
1-0: Ball
2-0: Ball
3-0: Called Strike
3-1: Foul Ball, location: 2F
3-2: Base on Balls
Batting: RHB Armand Vanek 0-0: Ball
Pickoff Throw to First - Out! 1-3
1-0: Called Strike
1-1: Ball
2-1: Fly out, F8 (Flyball, 78D, EV 90.0 MPH)
Batting: LHB Nate Rowell 0-0: Called Strike
0-1: Ball
1-1: Ball
2-1: SINGLE (Line Drive, 5D, EV 93.8 MPH)
Batting: RHB Joseph Gazdaru 0-0: Ball
1-0: Ground out 4-3 (Groundball, 34, EV 82.5 MPH)
Top of the 11th over - 0 runs, 1 hit, 0 errors, 1 left on base; Richmond 2 - Des Plaines 2
BOTTOM OF THE 11TH
Des Plaines Golden Heroes batting - Pitching for Richmond Rams : RHP Maverick Rioux
Batting: LHB Jedediah Hernandez 0-0: Ground out 6-3 (Groundball, 4M, EV 78.1 MPH)
Batting: RHB Seth Chelberg 0-0: Swinging Strike
0-1: Ball
1-1: Ball
2-1: Foul Ball, location: 2F
2-2: Ball
3-2: SINGLE (Groundball, 6MD, EV 104.4 MPH)
Batting: LHB Harold Romeo 0-0: Called Strike
0-1: Ball
1-1: SINGLE (Line Drive, 9S, EV 105.6 MPH)
Seth Chelberg to second
Batting: RHB Tristin Curtis 0-0: Ball
1-0: Swinging Strike
1-1: Foul Ball, location: 2F
1-2: Ball
2-2: Fly out, F8 (Flyball, 8RD, EV 78.1 MPH)
Batting: RHB Jesse Dissen 0-0: SINGLE (Groundball, 34D, EV 98.1 MPH)
Seth Chelberg to third
Harold Romeo to second
Runner from 3rd tries for Home, SAFE, throw by RF to home
Bottom of the 11th over - 1 run, 3 hits, 0 errors, 2 left on base; Richmond 2 - Des Plaines 3
Sunday, March 31st , 2024 - OOTP Baseball 23.10 Build 110